 Dungeon Crawl Stone Soup version 0.30-a0-622-gddc90eaa04 (webtiles) character file.

Game seed: 5476758128358984877

58072 wormed the Unseen (level 13, -3/70 HPs)
             Began as a Spriggan Hunter on Jan 10, 2023.
             Was the Champion of Jiyva.
             Slain by an elephant (8 damage)
             ... on level 5 of the Lair of Beasts.
             The game lasted 00:24:30 (14779 turns).

wormed the Unseen (Spriggan Hunter)                Turns: 14779, Time: 00:24:31

Health: -3/70      AC:  4    Str:  7    XL:     13   Next: 99%
Magic:  14/14      EV: 20    Int: 11    God:    Jiyva [******]
Gold:   804        SH:  6    Dex: 23    Spells: 12/12 levels left

rFire   + . .      SeeInvis +    E - +7 Spriggan's Knife {stab, EV+4 Stlth+}
rCold   + . .      Faith    .    (no shield)
rNeg    . . .      Spirit   .    c - +1 robe
rPois   .          Reflect  .    w - +2 hat
rElec   .          Harm     .    (no cloak)
rCorr   +          Rampage  .    (gloves unavailable)
Will    ++...      Clarity  +    (boots unavailable)
Stlth   +++++++++                D - amulet "Idwix" {RegenMP rF+ rC+}
HPRegen 1.91/turn                (no ring)
MPRegen 1.04/turn                (no ring)

@: about to teleport, petrifying (expiring), invisible, quick
A: very small, no large weapons, unfitting armour, see invisible, speed 3,
antennae 1, large bone plates 2, clarity, eyeballs 3, pseudopods 1, translucent
skin 2, jelly absorbing missiles
}: 1/15 runes: slimy
a: Renounce Religion, Oozemancy, Slimify


You were on level 5 of the Lair of Beasts.
You worshipped Jiyva.
Jiyva was exalted by your worship.
You visited 3 branches of the dungeon, and saw 20 of its levels.
You also visited: Sewer.

You collected 804 gold pieces.

Inventory:

Hand Weapons
 a - a +1 shortbow
 E - the +7 Spriggan's Knife (weapon) {stab, EV+4 Stlth+}
   (You found it on level 5 of the Pits of Slime)

   It is more effective when stabbing unaware enemies, sometimes treating them
   as though they were completely helpless.
   EV:        It affects your evasion (+4).
   Stlth:     It makes you more stealthy.
Missiles
 A - a throwing net
Armour
 c - a +1 robe (worn)
 w - a +2 hat (worn)
Jewellery
 m - a ring of protection from fire
 x - an amulet of reflection
 D - the amulet "Idwix" (around neck) {RegenMP rF+ rC+}
   (You found it on level 5 of the Pits of Slime)

   [amulet of magic regeneration]

   It increases your rate of magic regeneration.
   rF:        It protects you from fire.
   rC:        It protects you from cold.
 F - the ring "Rewor" {rElec rN+ Int+3 Dex+6 Slay-3}
   (You found it on level 5 of the Pits of Slime)

   [ring of dexterity]

   Int:       It affects your intelligence (+3).
   Dex:       It affects your dexterity (+6).
   Slay:      It affects your accuracy & damage with ranged weapons and melee
   (-3).
   rElec:     It insulates you from electricity.
   rN:        It protects you from negative energy.
Wands
 e - a wand of digging (3)
 f - a wand of roots (14)
 p - a wand of mindburst (5) (quivered)
 y - a wand of polymorph (11)
 B - a wand of charming (7)
Scrolls
 j - 2 scrolls of enchant weapon
 l - 4 scrolls of teleportation
 n - 2 scrolls of amnesia
 z - a scroll of fear
 C - a scroll of magic mapping
Potions
 b - 3 potions of attraction
 d - 2 potions of degeneration
 g - 4 potions of curing
 h - 2 potions of flight
 i - a potion of resistance
 k - a potion of berserk rage {unknown}
 o - a potion of magic
 q - a potion of heal wounds {unknown}
 r - 5 potions of ambrosia
 s - 4 potions of lignification
 t - 2 potions of might {unknown}
 u - a potion of brilliance {unknown}
 v - 2 potions of invisibility


   Skills:
 + Level 9.6 Fighting
 * Level 1.5 Short Blades
 - Level 15.9 Ranged Weapons
 + Level 14.5 Dodging
 + Level 16.8 Stealth


You had 12 spell levels left.
You didn't know any spells.
Your spell library contained the following spells:

 Spells                   Type           Power      Damage    Failure   Level
 Beastly Appendage        Tmut           0%         N/A       34%         1
 Magic Dart               Conj           0%         1d3       34%         1
 Sandblast                Erth           0%         2d4       34%         1
 Call Imp                 Summ           0%         N/A       47%         2
 Poisonous Vapours        Pois/Air       0%         N/A       47%         2
 Wereblood                Tmut           0%         N/A       47%         2
 Call Canine Familiar     Summ           0%         N/A       71%         3
 Ignite Poison            Fire/Tmut/Pois 0%         N/A       71%         3
 Inner Flame              Hex/Fire       0%         N/A       71%         3
 Kindle Blastsparks       Fire/Tloc/Air  0%         2d10      71%         3
 Mephitic Cloud           Conj/Pois/Air  0%         N/A       71%         3
 Portal Projectile        Hex/Tloc       0%         N/A       71%         3
 Spider Form              Tmut/Pois      0%         N/A       71%         3
 Animate Armour           Summ/Erth      0%         N/A       98%         4
 Animate Dead             Necr           0%         N/A       98%         4
 Cause Fear               Hex            0%         N/A       98%         4
 Ice Form                 Ice/Tmut       0%         N/A       98%         4
 Leda's Liquefaction      Hex/Erth       0%         N/A       98%         4
 Olgreb's Toxic Radiance  Pois           0%         N/A       98%         4
 Borgnjor's Vile Clutch   Necr/Erth      0%         N/A       100%        5
 Freezing Cloud           Conj/Ice/Air   0%         6-21      100%        5
 Lee's Rapid Deconstruct  Erth           0%         3d4*      100%        5
 Yara's Violent Unravell  Hex/Tmut       0%         3d3       100%        5
 Death Channel            Necr           0%         N/A       100%        6
 Monstrous Menagerie      Summ           0%         N/A       100%        7
 Ozocubu's Refrigeration  Ice            0%         4d7       100%        7
 Discord                  Hex            0%         N/A       100%        8
 Ignition                 Fire           0%         3d3       100%        8
 Summon Horrible Things   Summ           0%         N/A       100%        8
 Shatter                  Erth           0%         3d5*      100%        9


Dungeon Overview and Level Annotations

Branches:
Dungeon (10/15)            Temple (0/1) D:6            Lair (5/5) D:9
 Shoals (0/4) Lair:2       Spider (0/4) Lair:2        Slime (5/5) Lair:5
  Sewer (visited)
    Orc: D:9-12

Altars:
Cheibriados
Dithmenos
The Shining One
Jiyva

Shops:
D:7 (

Portals:
Trove: D:10 (give 6 scrolls of fear)

Annotations:
Lair:2 3 runed translucent doors, benadryl's ghost, journeyman GrFi
Slime:5 Royal Jelly


Innate Abilities, Weirdness & Mutations

You are very small and have problems with some larger weapons.
You are too small for most types of armour.
You have supernaturally acute eyesight. (SInv)
You cover ground extremely quickly. (Speed+++)
You have a pair of small antennae on your head.
You are mostly covered in large bone plates. (SH +6)
You possess an exceptional clarity of mind.
Your body is covered in eyes which may confuse attackers. (Acc +7, SInv)
Armour fits poorly on your pseudopods.
Your translucent skin reduces your foes' accuracy. (Stealth+)
You have a small jelly attached to you that may absorb projectiles.


Message History

The elephant is lightly wounded.
Your azure jelly hits the death yak but does no damage.
Your azure jelly hits the death yak!
Your azure jelly freezes the death yak!!
Your azure jelly hits the death yak.
Your azure jelly hits the death yak!
The elephant tramples you!
* * * LOW HITPOINT WARNING * * *
You stumble backwards!
The death yak bellows!
Your azure jelly hits the death yak.
Your azure jelly freezes the death yak!!!
Your azure jelly hits the death yak.
Your azure jelly freezes the death yak!!
Your azure jelly hits the death yak. x2
The death yak stops moving altogether!
The catoblepas breathes a plume of calcifying dust at you.
The blast of calcifying dust hits you.
* * * LOW HITPOINT WARNING * * *
The elephant closely misses you. The elephant completely misses you.
You puncture the elephant!
The elephant is lightly wounded.
You are engulfed in calcifying dust.
You are slowing down.
The elephant tramples you!
* * * LOW HITPOINT WARNING * * *
You hold your ground!
The elephant closely misses you. You block the elephant's attack.
The elephant trunk-slaps you but does no damage.
As you read the scroll of teleportation, it crumbles to dust.
You feel strangely unstable.
You are engulfed in calcifying dust.
The catoblepas breathes a plume of calcifying dust at you.
The blast of calcifying dust hits you.
* * * LOW HITPOINT WARNING * * *
The elephant closely misses you. The elephant misses you.
The elephant barely misses you. The elephant completely misses you.
Your limbs are stiffening.
It was a potion of invisibility.
You fade into invisibility!
You are engulfed in calcifying dust.
The elephant tramples you!
You die...

#....###...÷
###...
#P..§Y......
###.
##JY§YY.....
##
#Y#J....##.
#.##....#
#.P##....#
#§..#.÷....
#YYP##.8...
#@P..#...8.
##YY.# #..
#....P#
##......
#P..÷.. #.
##.... ..
#... ## #. #


You could see a catoblepas (unable to see you) and 3 elephants.

Vanquished Creatures
  A catoblepas (Lair:4)
  3 hydras
  A death yak (Lair:4)
  Urug (Lair:3)
  Sonja (Lair:2)
  Amaemon (Lair:1)
  Pikel (D:4)
  25 elephants
  A water nymph (Lair:2)
  A black mamba (Lair:1)
  An orange demon (Lair:2)
  An unseen horror (D:10)
  7 cane toads
  2 rime drakes
  2 komodo dragons
  A queen bee (D:10)
  A hornet (D:10)
  Prince Ribbit (Lair:3)
  22 blink frogs
  3 jumping spiders (Lair:2)
  A shadow (D:10)
  7 wyverns
  48 yaks
  4 basilisks
  2 steam dragons (D:8)
  A redback (Lair:2)
  Menkaure (D:6)
  8 water moccasins
  3 orc warriors (D:9)
  2 ice beasts
  2 black bears (Lair:5)
  A sky beast (D:8)
  10 wolves
  An ogre (D:7)
  2 centaurs
  A lemure (D:5)
  A phantom (D:4)
  A kobold brigand (D:7)
  14 bullfrogs
  2 gnoll sergeants
  A necrophage (D:5)
  2 scorpions
  4 wights (D:9)
  14 killer bees (D:10)
  2 howler monkeys (D:10)
  3 jellies (Sewer)
  3 hounds
  3 orc priests
  A gnoll bouda (D:8)
  An iron imp (D:4)
  4 iguanas
  6 orc wizards
  15 gnolls
  10 adders
  A river rat (D:3)
  2 shadow imps
  4 white imps
  6 worms
  6 dart slugs
  22 orcs
  10 ball pythons
  5 bats
  19 endoplasms
  8 giant cockroaches
  8 goblins
  7 hobgoblins
  4 quokkas
  2 frilled lizards
  14 kobolds
  11 rats
387 creatures vanquished.

Vanquished Creatures (collateral kills)
  Nessos (Lair:3)
  Josephine (Lair:3)
  A hydra (Lair:4)
  A boulder beetle (Lair:2)
  3 death yaks (Lair:4)
  5 elephants
  A black mamba (Lair:4)
  A cane toad (Lair:1)
  3 rime drakes
  4 blink frogs
  A wyvern (Lair:1)
  4 yaks
  2 wraiths (Lair:3)
  3 wolves (Lair:3)
31 creatures vanquished.

Vanquished Creatures (others)
  A blink frog (Lair:3)
  A wraith (Lair:3)
  A yak (Lair:4)
  A water moccasin (D:9)
  A black bear (D:8)
  3 wolves (Lair:4)
  A scorpion (D:5)
  39 jellies
  2 orc priests (D:9)
  An iguana (D:7)
  5 gnolls
  A goblin (D:4)
  A kobold (D:7)
  2 bushes (D:9)
  2 butterflies (Lair:4)
  42 fungi
  64 plants
  4 withered plants (D:2)
172 creatures vanquished.

Grand Total: 590 creatures vanquished

Notes
Turn   | Place    | Note
-------+----------+-------------------------------------------
     0 | D:1      | wormed the Spriggan Hunter began the quest for the Orb.
     0 | D:1      | Reached XP level 1. HP: 10/10 MP: 2/2
    92 | D:1      | Reached skill level 2 in Stealth
    95 | D:1      | Reached XP level 2. HP: 15/15 MP: 3/3
   260 | D:1      | You fall into a shaft and drop 1 floor!
   334 | D:2      | Found a faded altar of an unknown god.
   403 | D:2      | Reached XP level 3. HP: 18/18 MP: 4/4
   493 | D:2      | Reached skill level 3 in Stealth
   493 | D:2      | Reached XP level 4. HP: 23/23 MP: 5/5
  1354 | D:2      | Reached skill level 5 in Ranged Weapons
  2043 | D:3      | Reached XP level 5. HP: 27/27 MP: 6/6
  2204 | D:3      | Found a glowing drain.
  2662 | Sewer    | Entered a sewer
  2850 | Sewer    | Reached skill level 4 in Stealth
  2879 | Sewer    | Reached XP level 6. HP: 32/32 MP: 7/7
  2902 | Sewer    | Found a viscous altar of Jiyva.
  2964 | Sewer    | Became a worshipper of Jiyva Jelutuci the Shapeless
  3458 | D:4      | Reached * piety under Jiyva
  3540 | D:4      | Found a snail-covered altar of Cheibriados.
  3579 | D:5      | Entered Level 5 of the Dungeon
  3579 | D:5      | Noticed an ice beast
  3609 | D:4      | Reached skill level 5 in Dodging
  3609 | D:4      | Reached skill level 5 in Stealth
  3670 | D:4      | Killed an ice beast
  3671 | D:4      | Reached XP level 7. HP: 36/36 MP: 8/8
  3725 | D:5      | Noticed Pikel
  3774 | D:4      | Killed Pikel
  3775 | D:4      | Reached skill level 6 in Stealth
  3775 | D:4      | Reached XP level 8. HP: 42/42 MP: 9/9
  4055 | D:5      | Reached ** piety under Jiyva
  4369 | D:6      | Reached skill level 7 in Stealth
  4853 | D:6      | Found a staircase to the Ecumenical Temple.
  4974 | D:7      | Noticed Menkaure
  4996 | D:6      | Killed Menkaure
  5041 | D:7      | Reached *** piety under Jiyva
  5065 | D:7      | Gained mutation: You have a pair of small antennae on your
                  | head. [Jiyva's grace]
  5065 | D:7      | Gained mutation: You have a pair of antennae on your head.
                  | [Jiyva's grace]
  5065 | D:7      | Gained mutation: You have a pair of large antennae on your
                  | head. (SInv) [Jiyva's grace]
  5065 | D:7      | Gained mutation: Your mind is acute. (Int +4, Str/Dex -1)
                  | [Jiyva's grace]
  5253 | D:7      | Got Sif Muna's Tractate on Mud
  5282 | D:7      | Reached skill level 8 in Stealth
  5425 | D:7      | Reached XP level 9. HP: 46/46 MP: 10/10
  5563 | D:7      | Found Zaeh's Antique Weapon Shoppe.
  5757 | D:8      | Found a glowing golden altar of the Shining One.
  5839 | D:8      | Reached **** piety under Jiyva
  6188 | D:8      | Reached skill level 5 in Fighting
  6418 | D:8      | Reached skill level 9 in Stealth
  6587 | D:9      | Reached skill level 10 in Ranged Weapons
  6587 | D:9      | Reached skill level 10 in Stealth
  6592 | D:9      | Reached XP level 10. HP: 52/52 MP: 11/11
  7148 | D:9      | Reached skill level 11 in Stealth
  7223 | D:9      | Found a staircase to the Lair.
  7230 | D:9      | Lost mutation: You have a pair of large antennae on your
                  | head. (SInv) [Jiyva's grace]
  7230 | D:9      | Gained mutation: You have a small jelly attached to you
                  | that may absorb projectiles. [Jiyva's grace]
  7230 | D:9      | Gained mutation: Your translucent skin slightly reduces
                  | your foes' accuracy. (Stealth+) [Jiyva's grace]
  7230 | D:9      | Gained mutation: Your translucent skin reduces your foes'
                  | accuracy. (Stealth+) [Jiyva's grace]
  7230 | D:9      | Gained mutation: Your transparent skin significantly
                  | reduces your foes' accuracy. (Stealth+) [Jiyva's grace]
  7282 | D:9      | Reached skill level 10 in Dodging
  7774 | D:10     | Entered Level 10 of the Dungeon
  8002 | D:10     | Reached ***** piety under Jiyva
  8028 | D:10     | Found a shadowy altar of Dithmenos.
  8074 | D:10     | Reached XP level 11. HP: 58/58 MP: 12/12
  8232 | D:10     | Found a portal to a secret trove of treasure.
  8258 | D:10     | Paralysed by a hornet for 1 turns
  8272 | D:10     | Reached skill level 12 in Stealth
  9148 | Lair:1   | Entered Level 1 of the Lair of Beasts
  9736 | Lair:1   | Reached skill level 13 in Stealth
 10186 | Lair:2   | Noticed Amaemon
 10216 | Lair:2   | Noticed benadryl's ghost (journeyman GrFi)
 10216 | Lair:2   | Noticed a seven-headed hydra
 10216 | Lair:2   | Found a runed translucent gate.
 10216 | Lair:2   | Found a runed translucent gate.
 10218 | Lair:2   | Noticed an eight-headed hydra
 10219 | Lair:2   | Noticed a boulder beetle
 10220 | Lair:2   | Noticed a boulder beetle
 10225 | Lair:2   | Found a runed translucent gate.
 10226 | Lair:2   | Lost mutation: You have a pair of antennae on your head.
                  | [Jiyva's grace]
 10226 | Lair:2   | Lost mutation: Your mind is acute. (Int +4, Str/Dex -1)
                  | [Jiyva's grace]
 10226 | Lair:2   | Gained mutation: Your body has grown eyes which may confuse
                  | attackers. (Acc +3) [Jiyva's grace]
 10226 | Lair:2   | Gained mutation: Your body has grown many eyes which may
                  | confuse attackers. (Acc +5) [Jiyva's grace]
 10226 | Lair:2   | Gained mutation: Your body is covered in eyes which may
                  | confuse attackers. (Acc +7, SInv) [Jiyva's grace]
 10226 | Lair:2   | Gained mutation: Armour fits poorly on your pseudopods.
                  | [Jiyva's grace]
 10276 | Lair:1   | Killed an eight-headed hydra
 10402 | Lair:1   | Killed Amaemon
 10418 | Lair:2   | Reached XP level 12. HP: 63/63 MP: 13/13
 10524 | Lair:2   | Noticed a four-headed hydra
 10530 | Lair:2   | Noticed a five-headed hydra
 10534 | Lair:2   | Killed a four-headed hydra
 10633 | Lair:2   | Killed a boulder beetle
 10634 | Lair:2   | Reached skill level 14 in Stealth
 10768 | Lair:2   | Noticed Sonja
 10779 | Lair:2   | Killed Sonja
 11149 | Lair:2   | Found a hole to the Spider Nest.
 11189 | Lair:2   | Killed a five-headed hydra
 11407 | Lair:3   | Noticed Josephine
 11422 | Lair:3   | Killed Josephine
 11546 | Lair:3   | Reached skill level 15 in Stealth
 11604 | Lair:3   | Noticed Urug
 11624 | Lair:3   | Killed Urug
 11686 | Lair:3   | Found a frozen archway.
 11728 | Lair:3   | Reached XP level 13. HP: 69/69 MP: 14/14
 11818 | Lair:3   | Reached ****** piety under Jiyva
 12111 | Lair:3   | Noticed Nessos
 12126 | Lair:3   | Killed Nessos
 12127 | Lair:3   | Reached skill level 15 in Ranged Weapons
 12268 | Lair:3   | Noticed Prince Ribbit
 12285 | Lair:3   | Killed Prince Ribbit
 12644 | Lair:4   | Lost mutation: Your body is covered in eyes which may
                  | confuse attackers. (Acc +7, SInv) [Jiyva's grace]
 12644 | Lair:4   | Lost mutation: Your transparent skin significantly reduces
                  | your foes' accuracy. (Stealth+) [Jiyva's grace]
 12644 | Lair:4   | Gained mutation: Your body is covered in eyes which may
                  | confuse attackers. (Acc +7, SInv) [Jiyva's grace]
 12644 | Lair:4   | Gained mutation: You possess an exceptional clarity of
                  | mind. [Jiyva's grace]
 12644 | Lair:4   | Gained mutation: You are partially covered in large bone
                  | plates. (SH +4) [Jiyva's grace]
 12644 | Lair:4   | Gained mutation: You are mostly covered in large bone
                  | plates. (SH +6) [Jiyva's grace]
 12778 | Lair:4   | Reached skill level 16 in Stealth
 13776 | Lair:5   | Entered Level 5 of the Lair of Beasts
 13789 | Lair:5   | Found a viscous altar of Jiyva.
 13789 | Lair:5   | Found a staircase to the Slime Pits.
 13834 | Slime:1  | Entered Level 1 of the Pits of Slime
 13835 | Slime:1  | Noticed an acid blob
 13848 | Slime:2  | Noticed an acid blob
 13852 | Slime:3  | Noticed an acid blob
 13889 | Slime:3  | Noticed an azure jelly
 13907 | Slime:4  | Noticed a rockslime
 13961 | Slime:5  | Entered Level 5 of the Pits of Slime
 13961 | Slime:5  | Noticed an acid blob
 13975 | Slime:5  | Noticed a quicksilver ooze
 14021 | Slime:5  | Noticed an azure jelly
 14053 | Slime:5  | Noticed a rockslime
 14071 | Slime:5  | Noticed a quicksilver ooze
 14074 | Slime:5  | Found a viscous altar of Jiyva.
 14074 | Slime:5  | Noticed an acid blob
 14075 | Slime:5  | Noticed a quicksilver ooze
 14077 | Slime:5  | Noticed an acid blob
 14077 | Slime:5  | Noticed an acid blob
 14077 | Slime:5  | Found the +7 Spriggan's Knife {stab, EV+4 Stlth+}
 14078 | Slime:5  | Identified the amulet "Idwix" {RegenMP rF+ rC+}
 14087 | Slime:5  | Got the Atlas of Venomous Illusion
 14098 | Slime:5  | Identified the +2 battleaxe "Zots" {antimagic, Int+4}
 14108 | Slime:5  | Got a slimy rune of Zot
 14110 | Slime:5  | Got the Parchment of Interference and Transition
 14111 | Slime:5  | Identified the ring "Rewor" {rElec rN+ Int+3 Dex+6 Slay-3}
 14113 | Slime:5  | Identified the +0 ring mail of Duwk {Rampage rN+}
 14120 | Slime:5  | Noticed an acid blob
 14124 | Slime:5  | Noticed a rockslime
 14124 | Slime:5  | Noticed an acid blob
 14134 | Slime:5  | Noticed an acid blob
 14149 | Slime:5  | Noticed the Royal Jelly
 14321 | Slime:4  | Noticed an azure jelly
 14330 | Slime:4  | Noticed an acid blob
 14335 | Slime:3  | Noticed an azure jelly
 14336 | Slime:3  | Noticed a quicksilver ooze
 14372 | Slime:2  | Noticed an acid blob
 14372 | Slime:2  | Noticed an azure jelly
 14372 | Slime:2  | Noticed an azure jelly
 14372 | Slime:2  | Noticed a rockslime
 14623 | Lair:5   | Reached skill level 1 in Short Blades
 14778 | Lair:5   | HP: 3/70 [catoblepas/blast of calcifying dust (4)]
 14779 | Lair:5   | Slain by an elephant

Illustrated notes

Levels and vault maps discovered:
D:1:      ebering_trefoil_twist, layout_rooms, nicolae_hexahallways,
          dreamdust_mushroom_princess
D:2:      layout_basic, ebering_ecumenical_altar_petrified, grunt_ministairs_8,
          kennysheep_minor_cross, st_stairs_3, minmay_between
D:3:      layout_basic, portal_sewer_entry_e, serial_rivers,
          chequers_serial_rivers_small_b, chequers_serial_rivers_room_a,
          chequers_serial_rivers_small_a, chequers_serial_rivers_micro_c,
          nicolae_elevator_lobby_asterisk
D:4:      layout_gridville, slow_altar_2
D:5:      layout_rooms, skrybe_limestone_x, interstate_on_off, st_stairs_7,
          hangedman_decor_growths, minmay_misc_feat_diagonals, uniq_pikel
D:6:      layout_loops_ring, temple_doors_ab
D:7:      layout_loops_ring, serial_shops, nicolae_shop_overgrown_old_shop,
          grunt_ministairs_9, uniq_menkaure
D:8:      layout_basic, nicolae_tso_carved_into_rock
D:9:      layout_basic, minmay_lair_entry_grove, minmay_orc_keep
D:10:     layout_basic, kennysheep_little_box, enter_trove_1, special_room
          [special_room_bee]
Lair:1:   layout_roguey
Lair:2:   layout_misc_corridors, nicolae_shoals_entry_flooding,
          spider_nest_entry_funnel_web, gammafunk_ghost_split, uniq_amaemon,
          uniq_sonja
Lair:3:   layout_long_grid, portal_ice_cave_rime, uniq_prince_ribbit2,
          uniq_urug, uniq_nessos, uniq_josephine
Lair:4:   beast_lair_carwin_large_4, layout_regular_city, lemuel_fruit_fields,
          lemuel_fruit_tree
Lair:5:   grunt_lair_end_beastmaster, layout_regular_city,
          nicolae_slime_entry_slimehenge, infiniplex_staircase_pool_2,
          serial_bayou_shore_b
Slime:1:  layout_caves, special_room [special_room_jelly]
Slime:2:  layout_caves
Slime:3:  layout_caves, nicolae_slime_phagocytosis
Slime:4:  cheibrodos_slime_lost_civilization_3, layout_caves
Slime:5

Skill      XL: |  1  2  3  4  5  6  7  8  9 10 11 12 13 |
---------------+----------------------------------------+-----
Stealth        | 2 3 4 5 6 8 10 11 13 15 16 | 16.8
Dodging        | 3 4 5 6 7 8 10 11 13 14 | 14.5
Fighting       | 2 3 4 5 6 7 8 9 |  9.6
Ranged Weapons | 5 6 7 8 10 11 13 14 15 | 15.9
Short Blades   | 1 |  1.5

Action                   |  1- 3 |  4- 6 |  7- 9 | 10-12 | 13-15 || total
-------------------------+-------+-------+-------+-------+-------++-------
Melee: Knife             |       |       |       |       |    50 ||    50
       Pseudopods        |       |       |       |       |    12 ||    12
       Punch             |       |       |       |       |     1 ||     1
 Fire: Shortbow          |    97 |   274 |   350 |  1110 |   574 ||  2405
Throw: Throwing net      |       |       |     3 |       |       ||     3
Evoke: Wand              |       |       |     5 |     3 |       ||     8
  Use: Scroll            |       |       |    16 |     4 |     2 ||    22
       Potion            |       |       |       |     1 |     2 ||     3
 Stab: Sleeping          |       |       |       |       |     4 ||     4
       Confused          |       |       |       |       |     3 ||     3
Armor: Robe              |     2 |    12 |     3 |    50 |    34 ||   101
Dodge: Dodged            |    15 |    93 |   161 |   859 |   526 ||  1654
Block: Other             |       |       |       |       |    94 ||    94

Table legend: (Time is in decaauts)
 A = Elapsed time spent in this place.
 B = Non-inter-level travel time spent in this place.
 C = Inter-level travel time spent in this place.
 D = Time resting spent in this place.
 E = Time spent auto-exploring this place.
 F = Levels seen in this place.
 G = Mean time per level.
                   A        B        C        D        E       F      G
               +--------+--------+--------+--------+--------+-----+--------+
         Total |  10296 |   9792 |    504 |    228 |   6206 |  21 |  490.3 |
       Dungeon |   6264 |   5966 |    298 |    228 |   3850 |  10 |  626.4 |
          Lair |   3276 |   3109 |    167 |      0 |   1811 |   5 |  655.2 |
    Slime Pits |    467 |    429 |     38 |      0 |    381 |   5 |   93.4 |
         Sewer |    287 |    287 |      0 |      0 |    162 |   1 |  287.0 |
               +--------+--------+--------+--------+--------+-----+--------+

Top non-repeatable levels by time:
    D:10: 1009 daAuts
     D:9: 988 daAuts
  Lair:2: 840 daAuts
  Lair:4: 807 daAuts
     D:2: 773 daAuts
  Lair:3: 740 daAuts
  Lair:1: 717 daAuts
     D:8: 648 daAuts
     D:3: 571 daAuts
     D:6: 533 daAuts
     D:4: 503 daAuts
     D:1: 497 daAuts
     D:7: 378 daAuts
     D:5: 359 daAuts
   Sewer: 287 daAuts
